 Dungeon Crawl Stone Soup version 0.27-a0-931-g5a74e75d8f (webtiles) character file.

Game seed: 8315858256722228581

63 jestyr24 the Shield-Bearer (level 4, -8/36 HPs)
             Began as a Formicid Fighter on Apr 11, 2021.
             Mangled by a hornet (10 damage)
             ... on level 4 of the Dungeon.
             The game lasted 00:04:39 (1823 turns).

jestyr24 the Shield-Bearer (Formicid Fighter)       Turns: 1823, Time: 00:04:40

Health: -8/36      AC:  7    Str: 21    XL:     4   Next: 31%
Magic:  4/4        EV:  8    Int:  8    God:
Gold:   36         SH:  9    Dex: 10    Spells: 3/3 levels left

rFire    . . .     SeeInvis +   a - +0 quarterstaff
rCold    . . .     Faith    .   c - +0 kite shield
rNeg     . . .     Spirit   .   b - +0 scale mail
rPois    .         Reflect  .   (helmet unavailable)
rElec    .         Harm     .   (no cloak)
rCorr    .         Rampage  .   (no gloves)
Will     .....                  (no boots)
Stlth    ..........             (no amulet)
HPRegen  0.12/turn              (no ring)
MPRegen  0.09/turn              (no ring)

@: no status effects
A: permanent stasis, dig shafts and tunnels, antennae 3, four strong arms
a: Dig, Shaft Self


You were on level 4 of the Dungeon.
You visited 1 branch of the dungeon, and saw 3 of its levels.

You collected 36 gold pieces.

Inventory:

Hand Weapons
 a - a +0 quarterstaff (weapon)
 i - a +0 hand crossbow
Armour
 b - a +0 scale mail (worn)
 c - a +0 kite shield (worn)
Jewellery
 l - a +6 ring of intelligence
Scrolls
 e - a scroll of torment {unknown}
 f - 4 scrolls of identify {unknown}
 g - a scroll of magic mapping {unknown}
 k - a scroll of enchant weapon {unknown}
Potions
 d - a potion of might
 h - a potion of lignification {unknown}
 j - a potion of haste {unknown}
 m - a potion of cancellation {unknown}


   Skills:
 + Level 3.6 Fighting
 + Level 3.0 Staves
 + Level 3.9 Armour
 + Level 0.1 Dodging
 + Level 0.1 Stealth
 + Level 4.1 Shields


You had 3 spell levels left.
You didn't know any spells.
Your spell library contained the following spells:

 Spells                   Type           Power      Damage    Failure   Level
 Confusing Touch          Hex            0%         N/A       100%        3
 Gell's Gravitas          Tloc           0%         N/A       100%        3
 Petrify                  Tmut/Erth      0%         N/A       100%        4
 Metabolic Englaciation   Hex/Ice        0%         N/A       100%        5
 Yara's Violent Unravell  Hex/Tmut       0%         3d3       100%        5


Dungeon Overview and Level Annotations

Branches:
Dungeon (2/15)

Altars:


Innate Abilities, Weirdness & Mutations

You cannot be hasted, slowed, berserked, paralysed or teleported.
You can dig through walls and to a lower floor.
You have a pair of large antennae on your head. (SInv)
Your four strong arms can wield two-handed weapons with a shield.


Message History

The hornet barely misses you. You block the hornet's attack.
You hit the hornet.
The hornet is moderately wounded.
You block the hornet's attack.
The hornet stings you but does no damage.
You closely miss the hornet.
The hornet is moderately wounded.
The hornet barely misses you. x2
You miss the hornet.
The hornet is moderately wounded.
You block the hornet's attack. The hornet stings you.
Your stasis prevents you from being slowed.
Your shield prevents you from hitting the hornet.
The hornet is moderately wounded.
You block the hornet's attack. The hornet stings you!
Your stasis prevents you from being paralysed.
The hornet barely misses you.
You miss the hornet.
The hornet is moderately wounded.
The hornet stings you but does no damage. x2
You barely miss the hornet.
The hornet is moderately wounded.
The hornet barely misses you. You block the hornet's attack.
You barely miss the hornet.
The hornet is moderately wounded.
The hornet stings you.
Your stasis prevents you from being slowed.
The hornet stings you.
* * * LOW HITPOINT WARNING * * *
Your stasis prevents you from being slowed.
You closely miss the hornet.
The hornet is moderately wounded.
You block the hornet's attack. x2
Are you sure you want to shaft yourself?
The hornet stings you!
* * * LOW HITPOINT WARNING * * *
Your stasis prevents you from being slowed.
You begin to dig a shaft.
You continue digging a shaft.
The hornet stings you!
You die...

#...##..###. ######
###........### ......#
##.......#...#.
.......###.......##....#
........###..#..##.##..#
........##..###.#(##..##
.........##...#.###...##
........................
......(@..............##
##.....y.......#.#....#
#.............###>...#
#..............#
#.........?..#..#
#.....###....#.... .
...... ...[.# .#. #.
...... ..... ..


You could see a hornet.

Vanquished Creatures
  An adder (D:2)
  An adder skeleton (D:4)
  3 dart slugs
  5 bats
  An endoplasm (D:1)
  2 giant cockroaches
  4 goblins
  5 hobgoblins
  5 jackals
  2 quokkas (D:1)
  8 ball pythons
  A frilled lizard (D:1)
  2 kobolds (D:1)
  A rat (D:1)
41 creatures vanquished.

Notes
Turn   | Place    | Note
-------+----------+-------------------------------------------
     0 | D:1      | jestyr24 the Formicid Fighter began the quest for the Orb.
     0 | D:1      | Reached XP level 1. HP: 18/18 MP: 1/1
     3 | D:1      | Noticed an electric eel
     4 | D:1      | Noticed an electric eel
    84 | D:1      | Reached XP level 2. HP: 16/24 MP: 2/2
   788 | D:1      | Reached XP level 3. HP: 29/29 MP: 3/3
  1319 | D:2      | Reached skill level 4 in Shields
  1363 | D:2      | Found a faded altar of an unknown god.
  1461 | D:2      | Reached XP level 4. HP: 25/35 MP: 4/4
  1565 | D:2      | You fall into a shaft and drop 2 floors!
  1808 | D:4      | Noticed a hornet
  1822 | D:4      | HP: 1/36 [hornet (9)]
  1823 | D:4      | Mangled by a hornet

Illustrated notes

Levels and vault maps discovered:
D:1:      arrival_aquarium_b, layout_basic, minmay_tetromino_l2
D:2:      layout_loops_ring, basic_ecumenical_altar, uniq_crazy_yiuf_cottage
D:4:      layout_cave_pools, grunt_nemelex_the_gamble, kennysheep_crisscross,
          minmay_cupped

Skill      XL: |  1  2  3 |
---------------+----------+-----
Shields        | 4 |  4.1
Staves         | 3 |  3.0
Fighting       | |  3.6
Armour         | |  3.9
Dodging        | |  0.1
Stealth        | |  0.1

Action                   |  1- 3 |  4- 6 || total
-------------------------+-------+-------++-------
Melee: Quarterstaff      |   109 |    29 ||   138
 Abil: Dig               |       |     1 ||     1
       Shaft Self        |       |     1 ||     1
Armor: Scale mail        |    42 |    14 ||    56
Dodge: Dodged            |    50 |    13 ||    63
Block: Kite shield       |    66 |    19 ||    85

Table legend: (Time is in decaauts)
 A = Elapsed time spent in this place.
 B = Non-inter-level travel time spent in this place.
 C = Inter-level travel time spent in this place.
 D = Time resting spent in this place.
 E = Time spent auto-exploring this place.
 F = Levels seen in this place.
 G = Mean time per level.
                   A        B        C        D        E       F      G
               +--------+--------+--------+--------+--------+-----+--------+
         Total |   1870 |   1836 |     34 |    253 |   1136 |   3 |  623.3 |
       Dungeon |   1870 |   1836 |     34 |    253 |   1136 |   3 |  623.3 |
               +--------+--------+--------+--------+--------+-----+--------+

Top non-repeatable levels by time:
     D:1: 1271 daAuts
     D:2: 332 daAuts
     D:4: 267 daAuts
